Map: Frozen Temple

Players

HabsExecutor - Winner!

  • Race: Protoss Protoss
  • League: Diamond

Zarkze

  • Race: Terran Terran
  • League: Gold

VOD

Have the link to the VOD?

Description

Time

  • Played on: July 1, 2016, 10:46 p.m.
  • Length: 14:25
Show
View Real Time Build Order
Export as new Build Order

HabsExecutor Protoss - Winner!

Build Orders: Double Forge 

Get SALT Encoding   

  12  0:02  Probe (Chrono Boost)  
  13  0:13  Probe (Chrono Boost)  
  14  0:19  Pylon  
  14  0:23  Probe (Chrono Boost)  
  15  0:38  Probe (Chrono Boost), Gateway  
  16  0:48  Probe (Chrono Boost)  
  17  0:50  Assimilator  
  17  0:55  Assimilator  
  17  0:59  Probe (Chrono Boost)  
  18  1:09  Probe (Chrono Boost)  
  19  1:16  Pylon  
  19  1:20  Probe (Chrono Boost)  
  20  1:28  Cybernetics Core  
  20  1:30  Probe (Chrono Boost)  
  21  1:41  Probe (Chrono Boost)  
  22  1:56  Nexus  
  22  1:59  Probe (Chrono Boost)  
  23  2:07  Stalker (Chrono Boost)  
  25  2:11  Warp Gate (Chrono Boost)  
  25  2:18  Mothership Core  
  27  2:24  Pylon  
  27  2:37  Robotics Facility  
  27  2:55  Probe  
  28  3:05  Gateway x2  
  28  3:08  Probe  
  28  3:11  Stalker  
  31  3:20  Probe  
  31  3:23  Probe  
  31  3:26  Observer  
  33  3:40  Probe  
  33  3:41  Probe  
  33  3:48  Observer  
  36  3:55  Probe  
  36  3:56  Probe  
  36  4:00  Pylon  
  38  4:04  Stalker  
  38  4:05  Stalker x2  
  38  4:08  Probe  
  38  4:09  Probe  
  46  4:20  Twilight Council  
  46  4:22  Pylon  
  46  4:26  Immortal (Chrono Boost)  
  46  4:30  Probe  
  51  4:31  Probe  
  52  4:40  Probe  
  52  4:43  Probe  
  54  4:46  Forge  
  54  4:48  Forge  
  54  4:58  Forge  
  54  5:00  Probe, Charge (Chrono Boost)  
  54  5:01  Probe  
  54  5:05  Assimilator  
  56  5:07  Assimilator  
  56  5:15  Immortal  
  56  5:18  Probe  
  56  5:19  Probe  
  61  5:29  Probe  
  61  5:31  Probe  
  63  5:38  Pylon  
  63  5:39  Probe  
  62  5:43  Probe  
  63  5:53  Protoss Ground Armor Level 1, Protoss Ground Weapons Level 1  
  63  6:02  Probe  
  63  6:03  Probe  
  64  6:09  Pylon  
  64  6:17  Zealot x3  
  70  6:25  Probe  
  70  6:26  Probe  
  70  6:27  Templar Archives  
  72  6:38  Nexus  
  72  6:39  Pylon  
  72  6:41  Probe  
  72  6:42  Probe  
  72  6:43  Pylon  
  74  6:51  Probe, Pylon  
  76  6:54  Probe  
  76  6:59  Gateway  
  76  7:00  Gateway  
  76  7:02  Gateway  
  76  7:04  Probe, Pylon  
  76  7:06  Probe  
  76  7:08  Observer, Psionic Storm  
  79  7:12  Zealot  
  79  7:13  Zealot  
  83  7:28  Probe  
  83  7:29  Probe  
  85  7:39  Gateway x2  
  85  7:41  Probe, High Templar x3  
  92  7:48  Gateway  
  92  7:51  Gateway  
  92  7:53  Pylon  
  92  7:55  Probe x2  
  92  7:56  Probe  
  95  8:00  Pylon  
  95  8:05  Probe  
  95  8:06  Probe  
  95  8:07  Assimilator  
  95  8:09  High Templar, Assimilator  
  95  8:10  High Templar x2  
  103  8:27  Probe x2  
  103  8:28  Probe  
  103  8:32  Protoss Ground Armor Level 2 (Chrono Boost)  
  106  8:34  Protoss Ground Weapons Level 2 (Chrono Boost)  
  106  8:40  Zealot x3  
  112  8:42  Zealot, Pylon  
  112  8:45  Zealot x2  
  118  8:48  Probe  
  118  8:49  Probe  
  118  8:55  Nexus  
  120  9:00  Pylon  
  120  9:02  Pylon  
  120  9:17  Nexus  
  86  9:19  Pylon  
  86  9:20  Pylon  
  86  9:23  Stalker x5  
  80  9:30  Stalker  
  76  9:43  Photon Cannon  
  74  9:47  High Templar x2  
  74  9:48  High Templar x2  
  74  9:49  Zealot  
  84  9:57  Probe  
  84  9:58  Probe x2  
  87  10:02  Photon Cannon  
  87  10:10  Gateway  
  87  10:12  Assimilator  
  87  10:13  Gateway x2  
  87  10:14  Assimilator  
  87  10:18  High Templar  
  89  10:21  High Templar  
  89  10:22  High Templar x2  
  89  10:23  Zealot x3  
  101  10:29  Probe  
  101  10:30  Probe  
  101  10:35  Stalker x3  
  109  10:46  Photon Cannon  
  109  10:48  Zealot x3  
  115  11:02  Probe  
  115  11:03  Probe x2, Protoss Ground Weapons Level 3 (Chrono Boost)  
  118  11:08  Protoss Ground Armor Level 3 (Chrono Boost)  
  118  11:19  Stalker x4  
  118  11:20  Stalker x3  
  118  11:23  Zealot x2  
  128  11:33  Probe  
  128  11:38  Immortal  
  132  11:43  Probe  
  132  11:45  Stalker x2  
  120  11:47  Stalker  
  113  11:54  Probe  
  113  11:58  Stalker x2  
  113  12:01  High Templar x2  
  110  12:10  Zealot x2  
  102  12:23  Probe  
  103  12:34  Probe (Chrono Boost)  
  104  12:41  Probe (Chrono Boost)  
  105  12:46  Probe (Chrono Boost)  
  105  12:48  Pylon  
  105  12:50  Pylon  
  106  12:51  Probe (Chrono Boost)  
  106  12:54  Pylon  
  106  12:56  Probe (Chrono Boost)  
  106  12:57  Photon Cannon  
  108  13:02  Probe (Chrono Boost), High Templar x2  
  108  13:03  High Templar x4, Photon Cannon  
  108  13:05  High Templar  
  123  13:07  Probe (Chrono Boost), Archon x3  
  123  13:10  High Templar  
  123  13:12  Zealot  
  128  13:13  Zealot  
  128  13:14  Archon  
  131  13:21  Probe (Chrono Boost)  
  117  13:35  Stalker  
  117  13:36  Stalker x5  
  117  13:45  Stalker x2  
  117  13:48  Stalker  
  125  13:55  Probe (Chrono Boost)  
  125  13:56  Probe (Chrono Boost)  
  125  13:57  Probe x2 (Chrono Boost)  
  119  14:21  Archon  
  119  14:22  Archon x4  
Show
View Real Time Build Order
Export as new Build Order

Zarkze Terran 

Build Orders: Liberator Opening, Reaper Expand, MMM Bio 

Get SALT Encoding   

  12  0:01  SCV  
  13  0:13  SCV  
  14  0:19  Supply Depot  
  14  0:25  SCV  
  15  0:41  SCV  
  16  0:43  Refinery  
  16  0:45  Barracks  
  16  0:53  SCV  
  17  1:09  SCV  
  18  1:15  Supply Depot  
  18  1:23  SCV  
  19  1:33  Reaper  
  19  1:38  Refinery  
  20  1:40  Orbital Command  
  20  2:19  Command Center  
  20  2:20  SCV  
  21  2:26  Supply Depot  
  21  2:31  Barracks Reactor  
  21  2:34  SCV  
  22  2:42  Factory  
  22  2:55  SCV  
  23  2:59  Engineering Bay  
  23  3:07  SCV  
  23  3:12  Marine x2  
  26  3:16  Bunker  
  26  3:19  SCV  
  27  3:30  Marine x2  
  29  3:37  Widow Mine, Starport  
  29  3:40  Terran Infantry Weapons Level 1  
  30  3:41  SCV  
  31  3:50  Marine x2  
  31  3:53  Orbital Command  
  33  3:57  Liberator  
  33  4:02  SCV  
  34  4:06  Widow Mine  
  36  4:12  Marine x2  
  41  4:25  SCV x2  
  41  4:30  Marine x2  
  45  4:35  Widow Mine  
  45  4:37  SCV x2  
  49  4:47  Marine  
  49  4:48  Marine  
  49  4:49  SCV x2  
  53  5:06  Marine  
  54  5:14  Supply Depot  
  54  5:15  Supply Depot  
  54  5:17  Supply Depot  
  54  5:20  Factory Reactor  
  54  5:25  Barracks  
  54  5:26  Barracks  
  54  5:35  Medivac, Marine  
  54  5:37  SCV  
  54  5:38  SCV  
  59  5:49  SCV  
  60  5:50  SCV  
  61  5:57  Supply Depot  
  61  5:58  Supply Depot x2  
  61  6:07  Marine  
  61  6:08  Marine  
  63  6:14  Barracks Tech Lab x2  
  63  6:17  Terran Infantry Armor Level 1  
  60  6:26  Medivac x2  
  60  6:28  Marine x2  
  60  6:30  SCV x2  
  68  6:33  Refinery  
  68  6:37  Marine  
  68  6:38  Combat Shields  
  68  6:39  Stimpack, Liberator x2  
  69  6:42  SCV x2  
  69  6:46  Command Center  
  77  7:02  Refinery  
  77  7:08  SCV x2  
  79  7:22  Liberator x2  
  79  7:34  Marauder x2, Marine x2  
  85  7:43  Engineering Bay  
  91  7:47  Barracks  
  91  7:49  Barracks  
  91  7:50  Barracks  
  91  7:58  Orbital Command  
  91  8:01  Marine x2  
  91  8:02  Marauder x2, Sensor Tower  
  97  8:06  Concussive Shells  
  97  8:07  SCV x2  
  97  8:08  Liberator  
  99  8:13  Armory  
  102  8:29  SCV x2  
  102  8:32  SCV  
  105  8:38  Barracks Tech Lab  
  105  8:39  Barracks Reactor, Barracks Tech Lab  
  105  8:41  SCV  
  105  8:42  SCV  
  105  8:43  Supply Depot, Missile Turret  
  105  8:44  SCV  
  105  8:48  Missile Turret  
  108  8:50  Marine  
  109  8:57  Marine x2  
  109  8:59  SCV x2  
  109  9:00  SCV  
  90  9:28  Liberator x2  
  90  9:30  Marine  
  90  9:31  Marauder, Marine x3  
  88  9:32  Marauder x3  
  87  9:48  SCV, Marine x2  
  87  9:49  SCV x2, Marine x2  
  100  9:55  Ghost Academy  
  100  10:00  Missile Turret  
  100  10:01  SCV  
  101  10:31  Marauder x4, Marine x3  
  101  10:33  Marine  
  101  10:34  Medivac x2  
  117  10:37  SCV x3  
  120  10:45  Command Center  
  120  10:49  SCV, Marine  
  122  10:50  Terran Infantry Armor Level 2, Terran Infantry Weapons Level 2  
  122  10:52  Marauder  
  124  10:59  Supply Depot  
  124  11:00  Supply Depot  
  124  11:01  Supply Depot  
  124  11:06  Barracks  
  124  11:07  Barracks  
  124  11:10  Marine  
  125  11:15  Marauder, Marine x4, Supply Depot  
  125  11:16  Supply Depot  
  128  11:43  Marauder, Marine  
  128  11:44  Marauder x3, Marine x3  
  128  11:46  Medivac x2  
  140  12:01  Marine  
  140  12:02  Marine  
  140  12:03  Marine  
  140  12:05  Marauder x3  
  140  12:06  Liberator x2  
  144  12:16  Marauder, Marine  
  144  12:18  Barracks Reactor, Barracks Tech Lab  
  144  12:19  Marine  
  144  12:20  Marine  
  134  12:25  Refinery  
  134  12:26  Refinery, Marauder  
  134  12:27  Starport  
  134  12:29  Starport  
  140  12:31  Ghost x2  
  140  12:35  Planetary Fortress  
  143  12:41  Missile Turret, Marine  
  143  12:42  Marine  
  145  12:58  Marauder x2, Marine x3  
  152  13:06  Starport Reactor  
  152  13:07  Starport Tech Lab  
  113  13:35  Marauder, Marine  
  113  13:36  Marauder x2, Marine x2  
  100  13:43  Medivac x4  
  94  13:57  Marauder, Marine x2  
  94  13:58  Marauder  
Tags
 
Add a new tag
Caveats
  • Supply blocks, unpowered buildings, or Contaminate may cause inaccurate times.
  • Supply counts are checked every 10 seconds.